 Dungeon Crawl Stone Soup version 0.27.0-1-g7a089689b8 (webtiles) character file.

Game seed: 17346576095424448279

94 KamiKatze the Shield-Bearer (level 4, -1/29 HPs)
             Began as a Gargoyle Fighter on July 31, 2021.
             Slain by a gnoll (4 damage)
             ... on level 2 of the Dungeon.
             The game lasted 00:10:29 (2886 turns).

KamiKatze the Shield-Bearer (Gargoyle Fighter)      Turns: 2886, Time: 00:10:29

Health: -1/29      AC: 10    Str: 21    XL:     4   Next: 63%
Magic:  0/4        EV:  7    Int:  8    God:
Gold:   140        SH: 10    Dex:  9    Spells: 3/3 levels left

rFire    . . .     SeeInvis .   a - +0 war axe
rCold    . . .     Faith    .   c - +1 kite shield
rNeg     + . .     Spirit   +   b - +0 scale mail
rPois    ∞         Reflect  .   (no helmet)
rElec    +         Harm     .   (no cloak)
rCorr    .         Rampage  .   (no gloves)
Will     .....                  (no boots)
Stlth    ..........             q - amulet of guardian spirit
HPRegen  0.09/turn              (no ring)
MPRegen  0.09/turn              (no ring)

@: no status effects
A: sickness immunity, AC +3, negative energy resistance 1, electricity
resistance, torment resistance 1, petrification resistance
a: no special abilities


You were on level 2 of the Dungeon.
You visited 1 branch of the dungeon, and saw 3 of its levels.

You collected 216 gold pieces.
You spent 76 gold pieces at shops.

Inventory:

Hand Weapons
 a - a +0 war axe (weapon)
Missiles
 f - 137 stones (quivered)
Armour
 b - a +0 scale mail (worn)
 c - a +1 kite shield (worn)
Jewellery
 q - an amulet of guardian spirit (around neck)
Scrolls
 g - a scroll of summoning
 h - 3 scrolls of teleportation {unknown}
 j - 4 scrolls of identify
 k - a scroll of amnesia {unknown}
 n - a scroll of enchant weapon {unknown}
 p - a scroll of enchant armour
Potions
 d - a potion of might
 e - a potion of flight {unknown}
 i - a potion of curing {unknown}
 l - 3 potions of heal wounds
 m - 2 potions of lignification {unknown}
 o - a potion of ambrosia {unknown}


   Skills:
 + Level 3.8 Fighting
 * Level 2.7 Axes
 + Level 3.8 Armour
 * Level 4.3 Shields


You had 3 spell levels left.
You didn't know any spells.
Your spell library contained the following spells:

 Spells                   Type           Power      Damage    Failure   Level
 Conjure Flame            Conj/Fire      0%         6-21      100%        3
 Ignite Poison            Fire/Tmut/Pois 0%         N/A       100%        3
 Sticky Flame             Conj/Fire      0%         2d3       100%        4


Dungeon Overview and Level Annotations

Branches:
Dungeon (3/15)

Altars:
Vehumet

Shops:
D:2 [*


Innate Abilities, Weirdness & Mutations

You are immune to sickness and miasma.
Your stone body is resilient. (AC +3)
You are immune to poison.
You resist negative energy. (rN+)
You are resistant to electric shocks. (rElec)
You are resistant to unholy torment.
You are immune to petrification.


Message History

You can access your shopping list by pressing '$'.
You now have 140 gold pieces (gained 10).
There is a stone staircase leading up here.
The gnoll shouts!
A gnoll is nearby!
You start waiting.
A gnoll is nearby!
The gnoll hits you from afar with a +0 halberd.
The gnoll hits you with a +0 halberd!
You are too injured to fight recklessly!
You are too injured to fight recklessly!
You are too injured to fight recklessly!
You barely miss the gnoll. The gnoll closely misses you.
You barely miss the gnoll. The gnoll hits you with a +0 halberd.
* * * LOW HITPOINT WARNING * * *
The gnoll barely misses you.
You hit the gnoll.
The gnoll is heavily wounded.
The gnoll barely misses you.
You hit the gnoll.
The gnoll is severely wounded.
You block the gnoll's attack. The gnoll hits you with a +0 halberd!
* * * LOW HITPOINT WARNING * * *
You hit the gnoll.
The gnoll is severely wounded.
The gnoll hits you with a +0 halberd.
* * * LOW HITPOINT WARNING * * *
You closely miss the gnoll.
The gnoll is severely wounded.
You block the gnoll's attack. The gnoll barely misses you.
You hit the gnoll.
The gnoll is almost dead.
You block the gnoll's attack. The gnoll barely misses you.
You barely miss the gnoll.
The gnoll is almost dead.
You block the gnoll's attack.
You barely miss the gnoll.
The gnoll is almost dead.
You block the gnoll's attack. The gnoll hits you with a +0 halberd.
You die...

#.# #....#......#......#.# #.#
#....g....#......#.#.# #.#
#.........#.####.#.# #.#
##........#.# #.# #
###..##.#..#.# .# #..
##.....#.##.#.# #.# #.#
##...P♣...##..(####.#. ...
#...PPP....#..g....... #.#
##+#..P♣...##.##@.####.## #.#
.∩..#...†............#.# #.#
....##..#####.###.##.#.#####.##
....##.............#.#.#......#
....##.#.####.#......<...##.#.#
....##.#+####.#.#..###.####.#.#
....##..........#...........#.#
....##..........#...##..........#
.....#..........#.#..#.######.###


You could see a gnoll.

Vanquished Creatures
  An adder (D:2)
  A gnoll (D:2)
  A worm (D:2)
  3 dart slugs
  4 ball pythons (D:2)
  12 endoplasms
  A giant cockroach (D:1)
  7 hobgoblins
  2 quokkas
  6 bats
  A frilled lizard (D:2)
  9 goblins
  6 kobolds
  9 rats
63 creatures vanquished.

Vanquished Creatures (collateral kills)
  A frilled lizard (D:2)
1 creature vanquished.

Vanquished Creatures (others)
  5 fungi (D:2)
  3 toadstools (D:2)
8 creatures vanquished.

Grand Total: 72 creatures vanquished

Notes
Turn   | Place    | Note
-------+----------+-------------------------------------------
     0 | D:1      | KamiKatze the Gargoyle Fighter began the quest for the Orb.
     0 | D:1      | Reached XP level 1. HP: 14/14 MP: 1/1
   237 | D:1      | Reached XP level 2. HP: 9/19 MP: 2/2
   870 | D:1      | Reached XP level 3. HP: 17/23 MP: 3/3
  1784 | D:2      | Reached skill level 4 in Shields
  1867 | D:2      | Found a radiant altar of Vehumet.
  1872 | D:2      | Reached XP level 4. HP: 28/28 MP: 4/4
  2734 | D:2      | Found Wetauqapp's Assorted Antiques.
  2744 | D:2      | Bought a scroll labelled TOMUUD YPTIUBEL for 19 gold pieces
  2744 | D:2      | Bought a scroll labelled FECASEI LUOMM for 19 gold pieces
  2744 | D:2      | Bought a scroll labelled FECASEI LUOMM for 19 gold pieces
  2744 | D:2      | Bought a scroll labelled ASAROTSICANEU for 19 gold pieces
  2802 | D:2      | Found Volara's Armour Shoppe.
  2886 | D:2      | Slain by a gnoll

Illustrated notes

Levels and vault maps discovered:
D:1:      scummos_arrival_star, layout_basic, chequers_serial_rivers_micro_b
D:2:      layout_basic, serial_shops, nicolae_shop_waterfront, shop,
          basic_altar, serial_park_tiny_2, hex_tiny, minmay_gold_behind_fungi
D:3:      layout_loops_cross, serial_park_tiny_2

Skill      XL: |  1  2  3 |
---------------+----------+-----
Axes           | 2 |  2.7
Shields        | 4 |  4.3
Fighting       | |  3.8
Armour         | |  3.8

Action                   |  1- 3 |  4- 6 || total
-------------------------+-------+-------++-------
Melee: War axe           |   120 |    57 ||   177
Throw: Stone             |     7 |       ||     7
  Use: Scroll            |       |     3 ||     3
Armor: Scale mail        |    59 |    20 ||    79
Dodge: Dodged            |    35 |    25 ||    60
Block: Kite shield       |    67 |    38 ||   105
